AoeStats
← Wolf-Salomon

Black Forest

509962580Analyzed
4v4 RM · 2d ago on Sep 28, 2026· 73m 38s· 8 players
Game mode
Random Map
Map size
Large (8 player)
Population
200
Speed
Normal
Resources
Standard
Victory
Conquest
Starting age
Dark Age
Ending age
Imperial Age
RankedLock teamsTeams togetherTeam positionsShared explorationLock speedFull tech treeHidden civsTurbo modeCheats
Victory
Defeat
🇨🇴 Goths · Colombia
832
+14
🇺🇸 Italians · United States
818
+15
🇵🇪 Khmer · Peru
804
+15
🇺🇸 Franks · United States
765
+17
🇨🇦 Varangians · Canada
912
-20
🇦🇷 Celts · Argentina
777
-15
🇷🇺 Maya · Russia
742
-13
🇮🇹 Bulgarians · Italy
723
-13
JT One
0:29 Loom
14:07 Feudal Age
15:15 Double-Bit Axe
22:34 Castle Age
21:51 Stone Mining
21:58 Gold Mining
22:47 Wheelbarrow
24:53 Bow Saw
25:36 Gold Shaft Mining
25:07 Caravan
28:07 Hand Cart
32:53 Imperial Age
30:31 Pikeman
32:10 Scale Mail Armor
32:11 Padded Archer Armor
32:16 Scale Barding Armor
32:22 Forging
33:27 Halberdier
34:40 Elite Skirmisher
38:28 Chain Barding Armor
38:24 Chain Mail Armor
38:44 Iron Casting
38:25 Leather Archer Armor
38:21 Cavalier
39:02 Husbandry
40:20 Paladin
49:14 Blast Furnace
48:19 Heavy Scorpion
50:45 Chemistry
65:22 Plate Barding Armor
73:13 Capped Ram
estebanlozanop
0:28 Loom
11:56 Feudal Age
13:14 Wheelbarrow
12:27 Double-Bit Axe
20:07 Castle Age
18:44 Fishing Lines
18:52 Horse Collar
19:25 Scale Mail Armor
21:06 Hand Cart
21:04 Bow Saw
20:51 Gillnets
33:53 Imperial Age
31:46 Caravan
32:36 Gold Mining
32:48 Heavy Plow
33:25 Chain Mail Armor
34:09 Elite Huskarl
34:55 Perfusion
35:16 Conscription
35:00 Squires
34:44 Treadmill Crane
35:42 Forging
35:45 Anarchy
36:38 Crop Rotation
37:20 Two-Man Saw
38:03 Iron Casting
40:15 Blast Furnace
54:44 Pikeman
55:16 Halberdier
63:18 Coinage
67:19 Man-at-Arms
67:54 Fletching
71:32 Banking
l3141516
0:56 Loom
14:43 Feudal Age
17:40 Castle Age
15:37 Double-Bit Axe
15:52 Horse Collar
23:20 Bow Saw
23:33 Stone Mining
27:56 Wheelbarrow
28:41 Town Watch
29:55 Arson
31:02 Pikeman
32:08 Caravan
33:29 Hand Cart
33:45 Husbandry
35:26 Gold Mining
36:11 Stone Shaft Mining
40:31 Imperial Age
39:58 Bloodlines
39:08 Light Cavalry
40:04 Light Cavalry
41:03 Heavy Plow
42:33 Chemistry
41:45 Capped Ram
43:50 Town Patrol
44:46 Conscription
44:17 Hussar
48:55 Double Crossbow
50:06 Fortified Wall
50:28 Heavy Scorpion
55:04 Halberdier
55:08 Siege Ram
57:08 Tusk Swords
60:16 Scale Barding Armor
60:11 Scale Mail Armor
60:22 Forging
62:38 Elite Ballista Elephant
71:37 Chain Barding Armor
71:32 Chain Mail Armor
71:53 Iron Casting
oxrollin
3:34 Loom
4:47 Loom
10:52 Feudal Age
12:14 Double-Bit Axe
14:21 Wheelbarrow
14:45 Fishing Lines
15:44 Horse Collar
22:40 Castle Age
24:11 Hand Cart
24:10 Bow Saw
24:03 Heavy Plow
23:57 Gillnets
23:56 Town Watch
26:10 Silk Road
28:32 Imperial Age
26:42 Ballistics
26:30 Crossbowman
28:02 Fletching
31:23 Chemistry
30:58 Gold Mining
32:43 Thumb Ring
33:21 Conscription
32:55 Arbalester
37:14 Caravan
37:49 Town Patrol
39:33 Two-Man Saw
39:02 Pirotechnia
39:57 Crop Rotation
40:53 Squires
40:38 Arson
40:59 Scale Mail Armor
41:10 Forging
41:02 Padded Archer Armor
40:58 Bodkin Arrow
57:06 Pikeman
John
10:15 Loom
13:31 Feudal Age
15:47 Wheelbarrow
15:40 Double-Bit Axe
19:45 Castle Age
19:08 Horse Collar
19:12 Fishing Lines
20:21 Bloodlines
20:51 Husbandry
21:23 Gold Mining
23:56 Gillnets
25:01 Stone Mining
26:14 Bow Saw
26:09 Heavy Plow
28:15 Hand Cart
29:36 Vendel Legacy
31:00 Scale Barding Armor
31:05 Forging
31:36 Gambesons
33:03 Caravan
33:45 Squires
34:08 Chain Barding Armor
33:48 Scale Mail Armor
34:04 Forging
34:26 Fervor
36:50 Iron Casting
36:25 Scale Mail Armor
39:05 Imperial Age
38:45 Chain Mail Armor
38:51 Fletching
40:51 Blast Furnace
40:36 Conscription
42:39 Theocracy
43:02 Plate Barding Armor
42:57 Plate Mail Armor
42:23 Bodkin Arrow
42:01 Cavalier
45:28 Light Cavalry
47:59 Gothikon
48:44 Bracer
48:44 Elite Varangian Guard
49:38 Hussar
50:49 Elite Skirmisher
64:43 Pikeman
72:58 Crop Rotation
Wolf-Salomon
0:50 Loom
13:26 Feudal Age
14:47 Double-Bit Axe
16:57 Wheelbarrow
20:45 Castle Age
18:52 Horse Collar
19:24 Stone Mining
20:01 Gold Mining
21:56 Bow Saw
22:50 Heavy Plow
25:22 Hand Cart
32:22 Imperial Age
30:01 Fletching
30:13 Town Watch
33:26 Conscription
34:42 Siege Engineers
35:31 Gold Shaft Mining
35:34 Stone Shaft Mining
36:48 Masonry
36:50 Stronghold
37:29 Furor Celtica
37:36 Town Patrol
38:50 Chemistry
38:29 Forging
38:16 Bodkin Arrow
40:15 Elite Skirmisher
41:08 Onager
42:54 Ballistics
42:45 Fortified Wall
43:17 Iron Casting
42:42 Scale Mail Armor
42:29 Siege Onager
43:31 Caravan
44:01 Coinage
44:51 Elite Skirmisher
46:27 Banking
46:07 Guilds
49:35 Blast Furnace
48:51 Chain Mail Armor
50:00 Elite Woad Raider
52:46 Plate Mail Armor
63:12 Pikeman
matteo.dada
0:27 Loom
12:13 Feudal Age
12:36 Horse Collar
12:48 Double-Bit Axe
14:29 Wheelbarrow
17:47 Gold Mining
24:38 Castle Age
23:12 Stone Mining
25:52 Bow Saw
25:45 Heavy Plow
28:50 Gold Shaft Mining
29:49 Gambesons
29:26 Pikeman
30:06 Squires
29:52 Arson
33:41 Forging
33:31 Scale Mail Armor
42:29 Imperial Age
41:11 Iron Casting
40:51 Chain Mail Armor
42:07 Hand Cart
48:23 Halberdier
hsqvrn
0:43 Loom
13:01 Feudal Age
13:35 Double-Bit Axe
17:55 Horse Collar
18:54 Fishing Lines
19:24 Gold Mining
24:25 Castle Age
22:31 Stone Mining
22:37 Fletching
22:47 Padded Archer Armor
22:57 Forging
22:47 Scale Mail Armor
27:47 Bodkin Arrow
30:37 Stone Shaft Mining
30:16 Bow Saw
30:47 Chain Mail Armor
33:21 Leather Archer Armor
33:41 Iron Casting
33:13 Elite Skirmisher
34:41 Wheelbarrow
34:10 Gillnets
35:12 Thumb Ring
38:48 Imperial Age
36:06 Town Watch
37:12 Caravan
37:43 Hand Cart
37:49 Hand Cart
37:37 Town Patrol
38:07 Ballistics
37:58 Fortified Wall
37:29 Treadmill Crane
37:45 Murder Holes
39:48 Guilds
40:09 Coinage
39:06 Onager
39:07 Capped Ram
40:10 Masonry
40:32 Bracer
41:03 Ring Archer Armor
42:03 Chemistry
41:53 Heavy Plow
42:57 Two-Man Saw
43:04 Siege Ram
44:16 Conscription
44:00 Hul'che Javelineers
46:17 Architecture
51:39 Squires
50:59 Man-at-Arms
51:01 Eagle Warrior
51:28 Arson
55:28 Hoardings
57:25 Holcans
58:26 Ring Archer Armor
63:02 Blast Furnace
62:32 Plate Mail Armor
Connection lost

Rejoining the realm…

Still unreachable

The connection could not be restored.

Session expired

The server has moved on; the page needs a fresh start.